 Dungeon Crawl Stone Soup version 0.30-a0-748-ge6a52f7cba (webtiles) character file.

Game seed: 6802280369309362711

38 Esekla the Sneak (level 3, 26/26 HPs)
             Began as an Octopode Delver on Feb 8, 2023.
             Quit the game in the Ecumenical Temple.
             The game lasted 00:01:16 (92 turns).

Esekla the Sneak (Octopode Delver)                    Turns: 92, Time: 00:01:16

Health: 26/26      AC:  1    Str: 11    XL:     3   Next: 43%
Magic:  4/4        EV: 13    Int: 14    God:
Gold:   8          SH:  0    Dex: 13    Spells: 3/3 levels left

rFire   . . .      SeeInvis .    a - +0 falchion
rCold   . . .      Faith    .    (no shield)
rNeg    . . .      Spirit   .    (helmet restricted)
rPois   .          Reflect  .    (no amulet)
rElec   .          Harm     .    (no ring)
rCorr   .          Rampage  .    (no ring)
Will    .....                    (no ring)
Stlth   ++++                     (no ring)
HPRegen 0.24/turn                (no ring)
MPRegen 0.09/turn                (no ring)
                                 (no ring)
                                 (no ring)

@: no status effects
A: almost no armour, amphibious, 8 rings, camouflage 1, gelatinous body 1,
(nimble swimmer 1), tentacles
a: no special abilities


You were in the Ecumenical Temple.
You visited 2 branches of the dungeon, and saw 2 of its levels.

You collected 8 gold pieces.

Inventory:

Hand Weapons
 a - a +0 falchion (weapon)
Wands
 f - a wand of digging (3)
Scrolls
 b - a scroll of fog
Potions
 e - a potion of haste


   Skills:
 * Level 3.2 Fighting
 * Level 2.2 Long Blades
 * Level 2.2 Dodging
 + Level 7.2 Stealth
 * Level 0.7 Spellcasting


You had 3 spell levels left.
You didn't know any spells.
Your spell library was empty.

Dungeon Overview and Level Annotations

Branches:
Dungeon (5/15)             Temple (1/1) D:5

Altars:
Ashenzari
Cheibriados
Dithmenos
Elyvilon
Fedhas
Hepliaklqana
Kikubaaqudgha
Makhleb
Nemelex Xobeh
Okawaru
Qazlal
Ru
Sif Muna
Trog
Wu Jian
Xom
Yredelemnul
Zin
The Shining One


Innate Abilities, Weirdness & Mutations

You cannot wear most types of armour.
You are amphibious.
You can wear up to eight rings at the same time.
Your skin changes colour to match your surroundings (Stealth+).
Your rubbery body absorbs attacks. (AC +1, EV +1)
((You are camouflaged when in or above water. (Stealth+)))
You have tentacles for arms and can constrict up to eight enemies at once.


Message History

You kill the howler monkey!
Your Stealth skill increases to level 7!
You have reached level 2!
You have reached level 3!
Your experience leads to an increase in your attributes!
Increase (S)trength, (I)ntelligence, or (D)exterity?
You feel clever. x2
You see here a howler monkey corpse.
A gnoll bouda and a gnoll come into view.
The gnoll shouts!
A gnoll comes into view. It is wielding a +0 flail.
A gnoll comes into view. It is wielding a +0 club.
The gnoll bouda gazes fiercely through you!
You feel your attacks grow feeble.
As you read the scroll of fear, it crumbles to dust.
You assume a fearsome visage.
The gnoll bouda looks frightened!
The gnoll looks frightened! x3
Your attacks no longer feel as feeble.
Found a staircase to the Ecumenical Temple.
A gnoll comes into view. It is wielding a +0 club.
A gnoll comes into view. It is wielding a +0 flail.
There is a staircase to the Ecumenical Temple here.
You climb downwards.
Welcome to the Ecumenical Temple!
Found four altars.
There is a staircase back to the Dungeon here.
Found a glowing silver altar of Zin.
Found an ancient bone altar of Kikubaaqudgha.
Found a basalt altar of Yredelemnul.
Found a shadowy altar of Dithmenos.
Found a blossoming altar of Fedhas.
Found a white marble altar of Elyvilon.
Found a burning altar of Makhleb.
Found a snail-covered altar of Cheibriados.
Found a shimmering altar of Xom.
Found a shimmering blue altar of Sif Muna.
Found a bloodstained altar of Trog.
Found a sacrificial altar of Ru and an iron altar of Okawaru.
Found a stormy altar of Qazlal.
Found a sparkling altar of Nemelex Xobeh.
Are you sure you want to abandon this character and quit the game? (Confirm with "yes".)

##### ####.<.####
##_......._##
##...........##
##_.......@..._##
#...............#
##....#######....##
#_...##.....##..._#
##...##.§.§...##...##
#_...#...§§§§§.#..._#
#....#...§§§§§.#....#
#_...#..§§§§§§.#..._#
#....#.§..§§§§.#....#


There were no monsters in sight!

Vanquished Creatures
  A howler monkey (D:5)
1 creature vanquished.

Notes
Turn   | Place    | Note
-------+----------+-------------------------------------------
     0 | D:5      | Esekla the Octopode Delver began the quest for the Orb.
     0 | D:5      | Reached XP level 1. HP: 16/16 MP: 1/1
    35 | D:5      | Noticed a howler monkey
    42 | D:5      | Killed a howler monkey
    43 | D:5      | Reached skill level 7 in Stealth
    43 | D:5      | Reached XP level 2. HP: 21/21 MP: 1/3
    43 | D:5      | Reached XP level 3. HP: 26/26 MP: 1/4
    50 | D:5      | Found a staircase to the Ecumenical Temple.
    56 | Temple   | Entered the Ecumenical Temple
    92 | Temple   | Quit the game

Illustrated notes

Levels and vault maps discovered:
D:5:      minmay_clustersquares, layout_loops_cross,
          minmay_temple_entry_statues_fountains, minmay_misc_feat_rows
Temple:   hellmonk_temple_of_storms

Skill      XL: |  1 |
---------------+----+-----
Stealth        | 7 |  7.2
Fighting       | |  3.2
Long Blades    | |  2.2
Dodging        | |  2.2
Spellcasting   | |  0.7

Action                     || total
---------------------------++-------
  Melee: Falchion          ||     2
         Constrict         ||     1
         Tentacles         ||     1
    Use: Scroll            ||     2
  Dodge: Dodged            ||     2

Table legend: (Time is in decaauts)
 A = Elapsed time spent in this place.
 B = Non-inter-level travel time spent in this place.
 C = Inter-level travel time spent in this place.
 D = Time resting spent in this place.
 E = Time spent auto-exploring this place.
 F = Levels seen in this place.
 G = Mean time per level.
                   A        B        C        D        E       F      G
               +--------+--------+--------+--------+--------+-----+--------+
         Total |     92 |     92 |      0 |      0 |      0 |   2 |   46.0 |
       Dungeon |     56 |     56 |      0 |      0 |      0 |   1 |   56.0 |
        Temple |     35 |     35 |      0 |      0 |      0 |   1 |   35.0 |
               +--------+--------+--------+--------+--------+-----+--------+

Top non-repeatable levels by time:
     D:5: 56 daAuts
  Temple: 35 daAuts
